 Dungeon Crawl Stone Soup version 0.28-a0-1152-g9c71ebef14 (webtiles) character file.

Game seed: 16128339967298065554

2965 hazymike the Fighter (level 9, -2/87 HPs)
             Began as an Ogre Fighter on Dec 14, 2021.
             Was a Follower of Hepliaklqana.
             Slain by an orc warrior (19 damage)
             ... in a bailey.
             The game lasted 00:52:07 (11404 turns).

hazymike the Fighter (Ogre Fighter)                Turns: 11404, Time: 00:52:08

Health: -2/87      AC:  8    Str: 22    XL:     9   Next: 82%
Magic:  0/9        EV:  8    Int: 25    God:    Hepliaklqana [*.....]
Gold:   147        SH:  7    Dex:  8    Spells: 4/8 levels left

rFire   . . .      SeeInvis .   a - +3 whip (elec)
rCold   . . .      Faith    .   c - +0 kite shield
rNeg    . . .      Spirit   +   u - +0 steam dragon scales
rPois   .          Reflect  .   p - +2 hat
rElec   .          Harm     .   (no cloak)
rCorr   .          Rampage  .   (gloves unavailable)
Will    .....                   (boots unavailable)
Stlth   +.........              h - amulet of guardian spirit
HPRegen 0.24/turn               m - +6 ring of intelligence
MPRegen 0.11/turn               k - +6 ring of intelligence

@: no status effects
A: reduced essence, large, unfitting armour, tough skin 1
a: Renounce Religion, Recall Ancestor, Ancestor Identity


You were in a bailey.
You worshipped Hepliaklqana.
Hepliaklqana was aware of your devotion.
You visited 2 branches of the dungeon, and saw 8 of its levels.
You also visited: Bailey.

You collected 351 gold pieces.
You spent 204 gold pieces at shops.

Inventory:

Hand Weapons
 a - a +3 whip of electrocution (weapon)
Missiles
 e - 167 stones
 n - 3 throwing nets
 o - 21 poisoned darts (quivered)
Armour
 c - a +0 kite shield (worn)
 p - a +2 hat (worn)
 u - +0 steam dragon scales (worn)
Jewellery
 h - an amulet of guardian spirit (around neck)
 k - a +6 ring of intelligence (right hand)
 m - a +6 ring of intelligence (left hand)
 r - a ring of poison resistance
 v - an amulet of the acrobat
Wands
 q - a wand of acid (4)
Scrolls
 d - a scroll of acquirement
 f - a scroll of identify
 j - 2 scrolls of enchant armour
Potions
 b - 2 potions of magic {unknown}
 g - 4 potions of mutation
 l - a potion of lignification
 s - a potion of flight
 t - 2 potions of resistance
 w - a potion of cancellation {unknown}
 x - a potion of invisibility {unknown}


   Skills:
 + Level 8.6 Fighting
 * Level 7.8 Maces & Flails
 + Level 5.8 Dodging
 - Level 2.6 Shields
 - Level 4.0 Summonings
 - Level 4.0 Air Magic


You had 4 spell levels left.
You knew the following spells:

 Your Spells              Type           Power      Damage    Failure   Level
a - Summon Lightning Spi  Summ/Air       20%        N/A       71%         4

Your spell library contained the following spells:

 Spells                   Type           Power      Damage    Failure   Level
 Storm Form               Tmut/Air       5%         N/A       100%        7
 Maxwell's Capacitive Co  Air            10%        ∞         100%        8


Dungeon Overview and Level Annotations

Branches:
Dungeon (7/15)             Temple (1/1) D:6          Bailey (1/1)

Altars:
Cheibriados
Fedhas
Hepliaklqana
Qazlal
Ru
Sif Muna
Trog
Uskayaw
Wu Jian
Xom
Yredelemnul
Lugonu

Shops:
D:1 !*

Annotations:
D:5 1 runed translucent door, exclusion: door, Crazy Yiuf, Menkaure


Innate Abilities, Weirdness & Mutations

Your life essence is reduced to manifest your ancestor. (-10% HP)
You are too large for most types of armour.
You have tough skin. (AC +1)


Message History

Your shield prevents you from hitting the orc warrior.
The orc warrior is severely wounded.
The orc warrior barely misses you. You block the orc warrior's attack.
Iltani barely misses the orc warrior.
You hit the orc warrior but do no damage.
The orc warrior is severely wounded.
The orc warrior hits you with a +0 spear.
* * * LOW HITPOINT WARNING * * *
The orc warrior hits you from afar with a +0 glaive.
* * * LOW HITPOINT WARNING * * *
Iltani hits the orc warrior.
You hit the orc warrior.
You kill the orc warrior!
The orc warrior hits you from afar with a +0 glaive!
* * * LOW HITPOINT WARNING * * *
Iltani hits the orc warrior.
You feel much better.
The orc warrior jeers loudly, as Orcs often do.
The orc warrior barely misses you. The orc closely misses you.
The orc closely misses Iltani.
The orc warrior hits you with a +0 halberd!
Iltani hits the orc warrior but does no damage.
You hit the orc warrior but do no damage.
The orc warrior is lightly wounded.
The orc warrior hits you from afar with a +0 glaive.
* * * LOW HITPOINT WARNING * * *
The orc barely misses you.
The orc closely misses Iltani.
The orc warrior hits you with a +0 halberd!
* * * LOW HITPOINT WARNING * * *
Iltani hits the orc warrior but does no damage.
You completely miss the orc warrior.
The orc warrior is lightly wounded.
The orc warrior barely misses you. The orc hits you with a +0 war axe.
* * * LOW HITPOINT WARNING * * *
The orc barely misses Iltani.
The orc warrior barely misses you.
Iltani hits the orc warrior but does no damage.
You barely miss the orc warrior.
The orc warrior is lightly wounded.
The orc warrior hits you from afar with a +0 glaive!!
You die...

####### ############
########.....## ##....).))∩.#
.#.....#.......######.....)))))..
.'.....'......o#R...#.....[))))..
.'.....'......ooo...'......)....∩
.'...o.'.......#@...#............
.#.....#.......######............
#########.....## ##........∩.#
####### ############


You could see the friendly Iltani the ancestor, 2 orc warriors and 2 orcs.

Vanquished Creatures
  A centaur zombie (D:6)
  A steam dragon (D:7)
  3 water moccasins
  2 black bears
  7 orc warriors
  2 ogres (D:4)
  A kobold brigand (D:6)
  A bullfrog (D:3)
  2 scorpions
  A wight (D:7)
  A bullfrog zombie (D:6)
  2 hounds
  2 jellies
  3 orc priests
  A gnoll shaman (D:5)
  Natasha (thrice) (D:3)
  Terence (D:3)
  2 iguanas
  4 orc wizards (D:7)
  4 gnolls (D:5)
  7 adders
  A shadow imp (D:6)
  An adder skeleton (D:4)
  A worm (D:2)
  2 dart slugs
  24 orcs
  2 bats (D:1)
  7 endoplasms
  5 giant cockroaches
  8 goblins
  5 hobgoblins
  8 jackals (D:2)
  A quokka (D:3)
  13 ball pythons
  7 frilled lizards
  12 kobolds
  2 rats
150 creatures vanquished.

Vanquished Creatures (collateral kills)
  An orc warrior (Bailey)
  A centaur skeleton (D:7)
  8 orcs (Bailey)
  2 goblins (D:7)
12 creatures vanquished.

Vanquished Creatures (others)
  2 ancestors (Bailey)
2 creatures vanquished.

Grand Total: 164 creatures vanquished

Notes
Turn   | Place    | Note
-------+----------+-------------------------------------------
     0 | D:1      | hazymike the Ogre Fighter began the quest for the Orb.
     0 | D:1      | Reached XP level 1. HP: 24/24 MP: 1/1
   204 | D:1      | Reached XP level 2. HP: 31/32 MP: 2/2
   436 | D:1      | Found Homnanel's Assorted Antiques.
  1079 | D:1      | Reached XP level 3. HP: 36/40 MP: 3/3
  1115 | D:1      | Found Agrurhiu's Distillery.
  1681 | D:2      | HP: 2/60 [poisoned by an adder]
  1915 | D:1      | Reached XP level 4. HP: 42/49 MP: 4/4
  2408 | D:3      | Noticed Terence
  2417 | D:3      | Killed Terence
  2418 | D:3      | Reached skill level 5 in Fighting
  2717 | D:3      | Reached XP level 5. HP: 57/57 MP: 5/5
  2928 | D:3      | Noticed Natasha
  3323 | D:3      | Killed Natasha
  3627 | D:3      | Noticed Natasha
  3634 | D:3      | Killed Natasha
  3635 | D:3      | Reached XP level 6. HP: 56/66 MP: 3/6
  3720 | D:3      | Noticed Natasha
  3726 | D:3      | Killed Natasha
  4123 | D:4      | Learned a level 4 spell: Summon Lightning Spire
  4571 | D:4      | Noticed a black bear
  4595 | D:4      | Killed a black bear
  5241 | D:4      | Reached skill level 6 in Fighting
  5241 | D:4      | Reached skill level 1 in Summonings
  5241 | D:4      | Reached skill level 1 in Air Magic
  5241 | D:4      | Reached XP level 7. HP: 75/75 MP: 7/7
  5939 | D:5      | Entered Level 5 of the Dungeon
  5995 | D:5      | Reached skill level 5 in Maces & Flails
  6610 | D:5      | Reached XP level 8. HP: 27/84 MP: 2/8
  7487 | D:5      | Found a runed translucent door.
  7488 | D:5      | Noticed Crazy Yiuf
  7541 | D:5      | Noticed Menkaure
  8386 | D:6      | Found a staircase to the Ecumenical Temple.
  8392 | Temple   | Entered the Ecumenical Temple
  8507 | Temple   | Became a worshipper of Hepliaklqana the Forgotten
  8539 | D:6      | Reached skill level 7 in Fighting
  8891 | D:1      | Bought a potion of heal wounds for 85 gold pieces
  8891 | D:1      | Bought a runed hat for 119 gold pieces
  9431 | D:6      | Reached skill level 5 in Dodging
  9867 | D:6      | Reached XP level 9. HP: 38/94 MP: 3/9
 10522 | D:7      | Reached skill level 8 in Fighting
 10624 | D:7      | Reached * piety under Hepliaklqana
 10700 | D:7      | Found a flagged portal.
 10719 | Bailey   | Entered a bailey
 11404 | Bailey   | Slain by an orc warrior

Illustrated notes

Levels and vault maps discovered:
D:1:      dpeg_arrival_three_same_balls, layout_basic, serial_shops, shop,
          nicolae_shop_overgrown_old_shop
D:2:      layout_rooms
D:3:      layout_rooms, patterned_corridor, uniq_natasha, uniq_terence
D:4:      layout_layer_cave, saegor_snake_ambush
D:5:      layout_loops_ring, uniq_menkaure, uniq_crazy_yiuf_cottage
D:6:      layout_basic, minmay_temple_entry_ruins, amcnicky_mini_pool_small
D:7:      layout_loops_ring, enter_bailey_3
Temple:   kb_corrupted_temple
Bailey:   bailey_polearm_5, bailey

Skill      XL: |  1  2  3  4  5  6  7  8  9 |
---------------+----------------------------+-----
Maces & Flails | 2 3 4 5 6 7 |  7.8
Dodging        | 3 4 5 |  5.8
Fighting       | 5 6 7 8 |  8.6
Summonings     | 1 2 3 4 |  4.0
Air Magic      | 1 2 3 4 |  4.0
Shields        | |  2.6

Action                   |  1- 3 |  4- 6 |  7- 9 || total
-------------------------+-------+-------+-------++-------
Melee: Flail             |   107 |   149 |    78 ||   334
       Whip              |       |       |   193 ||   193
Throw: Stone             |    54 |    12 |       ||    66
       Dart              |       |    70 |    99 ||   169
Evoke: Wand              |       |       |     1 ||     1
  Use: Potion            |     3 |     1 |     5 ||     9
       Scroll            |       |     7 |     3 ||    10
 Stab: Sleeping          |       |     1 |       ||     1
       Distracted        |       |       |     2 ||     2
Armor: Robe              |    39 |    53 |    54 ||   146
       Skin              |    11 |       |     5 ||    16
       Steam dragon scal |       |       |    17 ||    17
Dodge: Dodged            |    41 |    63 |   110 ||   214
Block: Kite shield       |    47 |    77 |   101 ||   225

Table legend: (Time is in decaauts)
 A = Elapsed time spent in this place.
 B = Non-inter-level travel time spent in this place.
 C = Inter-level travel time spent in this place.
 D = Time resting spent in this place.
 E = Time spent auto-exploring this place.
 F = Levels seen in this place.
 G = Mean time per level.
                   A        B        C        D        E       F      G
               +--------+--------+--------+--------+--------+-----+--------+
         Total |  11675 |  10942 |    733 |   4386 |   4394 |   9 | 1297.2 |
       Dungeon |  10859 |  10166 |    693 |   3951 |   4241 |   7 | 1551.3 |
        Temple |    133 |     93 |     40 |      0 |     77 |   1 |  133.0 |
        Bailey |    682 |    682 |      0 |    435 |     76 |   1 |  682.0 |
               +--------+--------+--------+--------+--------+-----+--------+

Top non-repeatable levels by time:
     D:4: 2232 daAuts
     D:5: 2070 daAuts
     D:6: 1700 daAuts
     D:3: 1688 daAuts
     D:1: 1539 daAuts
     D:2: 1203 daAuts
  Bailey: 682 daAuts
     D:7: 423 daAuts
  Temple: 133 daAuts
